 Dungeon Crawl Stone Soup version 0.22-a0-135-g6f012ad (webtiles) character file.

2381 Azzok the Geomancer (level 9, 0/45 HPs)
             Began as a Gargoyle Earth Elementalist on Jan 31, 2018.
             Was an Initiate of Vehumet.
             Slain by a brown ugly thing (1 damage)
             ... on level 6 of the Dungeon.
             The game lasted 00:28:05 (10325 turns).

Azzok the Geomancer (Gargoyle Earth Elementalist)  Turns: 10325, Time: 00:28:06

Health: 0/45       AC: 11    Str: 12    XL:     9   Next: 45%
Magic:  10/19      EV: 12    Int: 19    God:    Vehumet [......]
Gold:   420        SH:  0    Dex: 10    Spells: 10/21 levels left

rFire    + . .     SeeInvis .   s - +1 dagger (venom)
rCold    + . .     Gourm    +   (no shield)
rNeg     + + .     Faith    .   c - +0 robe
rPois    ∞         Spirit   .   (no helmet)
rElec    +         Reflect  .   n - scarf {rC+ rF+}
rCorr    .         Harm     .   r - +0 pair of gloves
MR       .....                  E - +0 pair of boots
Stlth    ++........             k - amulet of the gourmand
HPRegen  0.15/turn              h - ring of positive energy
MPRegen  0.16/turn              l - +1 ring of protection

@: no status effects
A: negative energy resistance 1, electricity resistance, unbreathing,
petrification resistance, rot immunity, AC +6
a: Renounce Religion


You were on level 6 of the Dungeon.
You worshipped Vehumet.
Vehumet was noncommittal.
You were completely stuffed.

You visited 2 branches of the dungeon, and saw 8 of its levels.

You collected 420 gold pieces.

Inventory:

Hand Weapons
 s - a +1 dagger of venom (weapon)
 t - a +2 whip of freezing
Missiles
 b - 63 stones (quivered)
Armour
 c - a +0 robe (worn)
 n - a scarf of resistance (worn)
 r - a +0 pair of gloves (worn)
 B - a +0 buckler
 E - a +0 pair of boots (worn)
Jewellery
 h - a ring of positive energy (left hand)
 k - an amulet of the gourmand (around neck)
 l - a +1 ring of protection (right hand)
 u - a cursed ring of ice {unknown}
Wands
 y - a wand of acid (10)
Scrolls
 a - 7 scrolls of teleportation {unknown}
 f - a scroll of noise {unknown}
 g - 2 scrolls of identify {unknown}
 i - 3 scrolls of enchant weapon {unknown}
 m - 2 scrolls of magic mapping {unknown}
 o - 2 scrolls of immolation {unknown}
 v - 5 scrolls of enchant armour {unknown}
 C - 2 scrolls of remove curse {unknown}
Potions
 j - 3 potions of curing {unknown}
 p - a potion of lignification {unknown}
 q - 2 potions of flight {unknown}
 w - a potion of degeneration {unknown}
 x - a potion of haste {unknown}
 z - a potion of mutation {unknown}
 A - a potion of agility {unknown}
Books
 e - a book of Geomancy

   Spells                             Type                      Level
   a - Sandblast                      Earth                        1
   b - Passwall                       Transmutation/Earth          2
   c - Stone Arrow                    Conjuration/Earth            3
   d - Petrify                        Transmutation/Earth          4
   e - Lee's Rapid Deconstruction     Earth                        5
 D - a book of Misfortune

   Spells                             Type                      Level
   a - Confusing Touch                Hexes                        1
   b - Confuse                        Hexes                        3
   c - Gell's Gravitas                Translocation                3
   d - Petrify                        Transmutation/Earth          4
   e - Metabolic Englaciation         Hexes/Ice                    5
   f - Yara's Violent Unravelling     Hexes/Transmutation          5
Comestibles
 d - 8 rations
 F - 2 chunks of flesh


   Skills:
 - Level 1.6 Dodging
 - Level 2.3 Stealth
 + Level 0.6 Shields
 + Level 6.9 Spellcasting
 + Level 7.3 Conjurations
 - Level 0.7 Transmutations
 + Level 9.4 Earth Magic


You had 10 spell levels left.
You knew the following spells:

 Your Spells              Type           Power        Failure   Level  Hunger
a - Sandblast             Erth           #####.       1%          1    None
b - Passwall              Tmut/Erth      ####......   1%          2    None
c - Stone Arrow           Conj/Erth      #####.       1%          3    #......
d - Lee's Rapid Deconstr  Erth           #####.....   5%          5    #####..


Dungeon Overview and Level Annotations

Branches:
Dungeon (7/15)             Temple (1/1) D:5

Altars:
Ashenzari
Cheibriados
Elyvilon
Gozag
Hepliaklqana
Kikubaaqudgha
Makhleb
Nemelex Xobeh
Okawaru
Trog
Uskayaw
Vehumet
Wu Jian
The Shining One

Shops:
D:2 *


Innate Abilities, Weirdness & Mutations

You are resistant to torment.
Your stone body is resilient. (AC +6)
You are immune to poison.
You resist negative energy. (rN+)
You are resistant to electric shocks. (rElec)
You can survive without breathing.
You are immune to petrification.
You are immune to rotting.


Message History

Casting: Stone Arrow (safe; 1% risk of failure)
Confirm with . or Enter, or press ? or * to list all spells.
Aiming: Stone Arrow (safe; 1% risk of failure)
Press: ? - help, Shift-Dir - straight line, f/p - brown ugly thing
Aim: a brown ugly thing (heavily wounded)
The stone arrow misses the brown ugly thing.
The brown ugly thing closely misses you.
Casting: Stone Arrow (safe; 1% risk of failure)
Confirm with . or Enter, or press ? or * to list all spells.
Aiming: Stone Arrow (safe; 1% risk of failure)
Press: ? - help, Shift-Dir - straight line, f/p - brown ugly thing
Aim: a brown ugly thing (heavily wounded)
The stone arrow hits the brown ugly thing.
The brown ugly thing is severely wounded.
The brown ugly thing headbutts you!
* * * LOW HITPOINT WARNING * * *
You are splashed with acid!
The acid burns!
* * * LOW HITPOINT WARNING * * *
The brown ugly thing headbutts you.
You die...

▒·····>·······················
▒···▒··▒·▒▒▒▒▒▒▒·▒▒▒▒▒··▒·····
▒···▒··▒·▒▒▒▒▒▒▒·)▒▒ ▒··▒▒▒▒▒·
▒···▒··▒·▒▒········▒▒▒··▒▒▒▒▒·
▒▒▒···▒··▒·▒▒·▒▒▒▒▒··▒··········
▒··············▒ ▒··▒·▒··▒▒▒▒▒·
▒·▒···▒··▒·▒▒··▒ ▒▒·▒·▒··▒▒▒▒▒·
▒·▒···▒··▒·▒▒··▒▒▒▒▒····(·······
▒·▒············@u···············
▒·▒···▒··▒·▒▒▒▒▒▒▒▒▒▒▒▒···▒▒▒▒▒▒
▒·▒··········▒ ▒▒▒···▒···▒▒▒
▒·▒▒▒·▒··▒·▒▒▒ ▒▒▒···▒▒▒▒▒···▒▒
▒·▒ ▒·▒··▒·▒ ▒▒▒···▒··(▒▒▒▒▒···
▒·▒ ▒·▒·▒▒·▒▒▒▒···▒▒▒▒▒···▒▒▒▒▒·
▒·▒ ▒·▒·▒▒)▒····▒·▒ ▒▒▒··)▒▒▒▒
▒·▒ ▒·▒·····▒·▒▒▒·▒ ▒▒▒···▒▒
▒▒·▒▒▒·▒·▒···▒·▒ ▒·▒ ▒▒▒···


You could see a brown ugly thing.

Vanquished Creatures
  Pikel (D:5)
  A hippogriff (D:6)
  Edmund (D:5)
  A slave (D:5)
  A phantom (D:5)
  4 ogres
  A centaur (D:6)
  2 bullfrogs (D:6)
  A wyvern skeleton (D:5)
  A scorpion (D:5)
  2 vampire bats (D:5)
  3 crimson imps
  2 bullfrog zombies (D:5)
  A centaur zombie (D:4)
  A hound (D:6)
  A centaur skeleton (D:6)
  An orc priest (D:5)
  Terence (D:4)
  An iguana (D:6)
  3 orc wizards
  6 worker ants
  A killer bee zombie (D:6)
  A hound skeleton (D:4)
  10 adders
  2 shadow imps (D:6)
  2 adder skeletons (D:4)
  4 worms
  8 leopard geckos
  15 orcs
  2 ball pythons
  7 giant cockroaches
  3 goblins
  11 hobgoblins
  4 jackals
  5 kobolds
  2 quokkas (D:2)
  14 bats
  6 frilled lizards
  A giant cockroach zombie (D:5)
  A quokka zombie (D:6)
  7 rats
142 creatures vanquished.

Vanquished Creatures (others)
  An iguana (D:5)
  A worker ant zombie (D:5)
2 creatures vanquished.

Grand Total: 144 creatures vanquished

Notes
Turn   | Place    | Note
-------+----------+-------------------------------------------
     0 | D:1      | Azzok the Gargoyle Earth Elementalist began the quest for the Orb.
     0 | D:1      | Reached XP level 1. HP: 10/10 MP: 3/3
   511 | D:1      | Reached XP level 2. HP: 12/15 MP: 5/5
   555 | D:1      | Learned a level 2 spell: Passwall
   693 | D:1      | Reached skill level 4 in Earth Magic
  1662 | D:2      | Reached XP level 3. HP: 19/19 MP: 6/6
  1704 | D:2      | Found Gozag's Platinum Reserve.
  1754 | D:2      | Found an opulent altar of Gozag.
  2148 | D:2      | Learned a level 3 spell: Stone Arrow
  2230 | D:2      | Found a snail-covered altar of Cheibriados.
  2253 | D:2      | Reached XP level 4. HP: 17/24 MP: 8/8
  3291 | D:3      | Reached skill level 1 in Conjurations
  3305 | D:3      | Reached skill level 5 in Earth Magic
  3600 | D:3      | Found an ornate altar of the Wu Jian Council.
  3602 | D:3      | Noticed Terence
  3634 | D:3      | Reached XP level 5. HP: 9/28 MP: 0/9
  4090 | D:3      | Found an iron altar of Okawaru.
  4925 | D:3      | Found a sparkling altar of Nemelex Xobeh.
  4925 | D:3      | Found a burning altar of Makhleb.
  5378 | D:4      | Noticed an ogre
  5382 | D:4      | Killed an ogre
  5382 | D:4      | Reached XP level 6. HP: 32/32 MP: 1/11
  5469 | D:4      | Learned a level 5 spell: Lee's Rapid Deconstruction
  5620 | D:4      | Found a shattered altar of Ashenzari.
  5981 | D:4      | Reached skill level 6 in Earth Magic
  6249 | D:4      | Killed Terence
  6249 | D:4      | Reached XP level 7. HP: 11/36 MP: 0/13
  6885 | D:5      | Entered Level 5 of the Dungeon
  6974 | D:5      | Found the +4 Vampire's Tooth {vamp}
  7096 | D:5      | Reached skill level 7 in Earth Magic
  7222 | D:5      | Reached skill level 5 in Spellcasting
  7346 | D:5      | Noticed Edmund
  7355 | D:5      | Reached XP level 8. HP: 36/41 MP: 15/15
  7450 | D:5      | Killed Edmund
  7450 | D:5      | Reached skill level 5 in Conjurations
  7573 | D:5      | Found a hide-covered altar of Uskayaw.
  7632 | D:5      | Noticed Pikel
  7650 | D:5      | Killed Pikel
  7650 | D:5      | Reached skill level 8 in Earth Magic
  7849 | D:5      | Found a staircase to the Ecumenical Temple.
  7858 | Temple   | Entered the Ecumenical Temple
  7880 | Temple   | Became a worshipper of Vehumet
  8604 | D:6      | Reached XP level 9. HP: 45/45 MP: 11/18
  8997 | D:6      | Reached skill level 9 in Earth Magic
 10285 | D:7      | Noticed a brown ugly thing
 10321 | D:6      | HP: 1/45 [acid (9)]
 10325 | D:6      | Slain by a brown ugly thing

Vault maps used:
D:1:      lightli_arrival_isolated_outpost
D:2:      lemuel_coloured_pillars_altar, nicolae_gozag_zags_fifth_avenue
D:3:      lemuel_crystal_altar, okawaru_metal_pillars_1_2,
          gammafunk_temple_overflow_wave, uniq_terence
D:4:      first_ration, serial_park_tiny_2, cheibrodos_ashenzari_chains
D:5:      eat_drink_and_be_merry_uskayaw, minmay_temple_entry_mist,
          nicolae_ossuary_entry_monument, minmay_guarded_unrand_vampires_tooth,
          uniq_pikel, uniq_edmund
D:6:      nicolae_benzene_ring
D:7:      uniq_joseph
Temple:   eino_wide_crystal_templ

Skill      XL: |  1  2  3  4  5  6  7  8  9 |
---------------+----------------------------+-----
Earth Magic    | 4 5 6 7 8 9 |  9.4
Spellcasting   | 3 4 5 6 |  6.9
Conjurations   | 1 2 3 4 6 7 |  7.3
Dodging        | |  1.6
Stealth        | |  2.3
Shields        | |  0.6
Transmutations | |  0.7

Action                   |  1- 3 |  4- 6 |  7- 9 || total
-------------------------+-------+-------+-------++-------
Melee: Club              |   119 |    95 |       ||   214
       Unarmed           |     1 |       |       ||     1
       Dagger            |       |    51 |   147 ||   198
 Cast: Sandblast         |    27 |    27 |    15 ||    69
       Stone Arrow       |       |    54 |    61 ||   115
       Lee's Rapid Decon |       |       |     1 ||     1
 Stab: Sleeping          |     3 |     1 |       ||     4
  Eat: Chunk             |    14 |    17 |    17 ||    48
Armor: Robe              |    39 |    56 |    98 ||   193
Dodge: Dodged            |   101 |   122 |   150 ||   373

Table legend:
 A = Spawn XP
 B = Non-spawn XP
 C = Spawn XP percentage of total XP
 D = Spawn monster count
 E = Non-spawn monster count
 F = Spawn count percentage of total count
 G = Total turns spent on level
                    A         B        C        D         E        F      G
               +---------+---------+-------+---------+---------+-------+---------
         Total |       0 |    3402 |   0.0 |       0 |     141 |   0.0 | 10325
               +---------+---------+-------+---------+---------+-------+---------
           D:1 |       0 |      32 |   0.0 |       0 |      20 |   0.0 |  1582
           D:2 |       0 |      90 |   0.0 |       0 |      21 |   0.0 |  2103
           D:3 |       0 |     110 |   0.0 |       0 |      24 |   0.0 |  1538
           D:4 |       0 |     435 |   0.0 |       0 |      20 |   0.0 |  1758
           D:5 |       0 |    1543 |   0.0 |       0 |      27 |   0.0 |  1376
           D:6 |       0 |    1088 |   0.0 |       0 |      23 |   0.0 |  1569
           D:7 |       0 |     104 |   0.0 |       0 |       6 |   0.0 |   360
               +---------+---------+-------+---------+---------+-------+---------
